 Dungeon Crawl Stone Soup version 0.24.1-14-gf8d2b509d9 (webtiles) character file.

Game seed: 14543158486233946857, levelgen mode: deterministic

843 Curus the Slasher (level 7, -6/57 HPs)
             Began as a Minotaur Abyssal Knight on May 23, 2020.
             Was a Priest of Lugonu.
             Mangled by an orc warrior
             ... wielding a +0 dire flail
              (14 damage)
             ... on level 7 of the Dungeon on May 24, 2020.
             The game lasted 00:21:40 (3391 turns).

Curus the Slasher (Minotaur Abyssal Knight)         Turns: 3391, Time: 00:21:41

Health: -6/57      AC: 12    Str: 16    XL:     7   Next: 68%
Magic:  6/10       EV:  7    Int:  9    God:    Lugonu [***...]
Gold:   226        SH:  0    Dex: 12    Spells: 6/6 levels left

rFire    . . .     SeeInvis .   j - +4 scimitar
rCold    + . .     Gourm    +   (no shield)
rNeg     . . .     Faith    .   d - +1 chain mail
rPois    .         Spirit   .   (helmet restricted)
rElec    .         Reflect  .   (no cloak)
rCorr    .         Harm     .   (no gloves)
MR       +....                  l - +1 pair of boots
Stlth    ..........             m - amulet of the gourmand
HPRegen  0.19/turn              e - ring of protection from magic
MPRegen  0.12/turn              (no ring)

@: about to teleport
A: retaliatory headbutt, horns 2, cold resistance 1, sense surroundings 1,
shaggy fur 1, evolution 1
a: Depart the Abyss, Bend Space, Banish, Renounce Religion


You were on level 7 of the Dungeon.
You worshipped Lugonu.
Lugonu was most pleased with you.
You were hungry.

You visited 1 branch of the dungeon, and saw 6 of its levels.
You visited the Abyss 1 time.

You collected 226 gold pieces.

Inventory:

Hand Weapons
 a - a +2 falchion
 j - a +4 scimitar (weapon)
Armour
 b - a +0 leather armour
 d - a +1 chain mail (worn)
 l - a +1 pair of boots (worn)
Jewellery
 e - a ring of protection from magic (left hand)
 m - an amulet of the gourmand (around neck)
Wands
 h - a wand of flame (17)
Scrolls
 f - a scroll of teleportation
 i - a scroll of magic mapping
 k - 2 scrolls of remove curse
Potions
 g - 3 potions of curing
Comestibles
 c - 11 rations


   Skills:
 - Level 3.6 Fighting
 + Level 7.7 Long Blades
 - Level 2.4 Armour
 - Level 1.1 Dodging
 + Level 6.3 Invocations


You had 6 spell levels left.
You didn't know any spells.
Your spell library was empty.

Dungeon Overview and Level Annotations

Branches:
Dungeon (7/15)
 Temple: D:4-7

Altars:
Okawaru
The Shining One


Innate Abilities, Weirdness & Mutations

You reflexively headbutt those who attack you in melee.
You have a pair of horns on your head.
Your flesh is cold resistant. (rC+)
You passively map a small area around you.
You are covered in fur. (AC +1)
You evolve.


Message History

The orc wizard seems to speed up.
You hit the orc warrior but do no damage.
The orc warrior is lightly wounded.
The orc warrior hits you with a +0 dire flail!
The orc wizard mumbles some strange words.
The orc wizard flickers and vanishes!
Deactivating autopickup; reactivate with Ctrl-A.
You hit the orc warrior but do no damage.
The orc warrior is lightly wounded.
The orc warrior hits you with a +0 dire flail!
* * * LOW HITPOINT WARNING * * *
Press: ? - help, Shift-Dir - straight line, f/p - orc warrior
Aim: an orc warrior, wielding a +0 dire flail and wearing a +0 chain mail (lightly wounded, chance to defeat MR: 84%)
The orc warrior barely resists.
You are feeling hungry.
The orc warrior hits you but does no damage.
As you read the scroll of teleportation, it crumbles to dust.
You feel strangely unstable.
The orc warrior hits you with a +0 dire flail!
You die...

####.##.##
#.....#
#.......#
#...###
*#.##.####
##...# .. *#.#
#....# #. #.#
##....# # ..#
##.....# .##
##<..#### ,,
#. ######...##
, ,..
**#..@o{...# ,
,
.$?...###.####
##### **..# ,,
,....,* ,
......*
,.......# *
........#
##########


You could see an orc warrior.

Vanquished Creatures
  Prince Ribbit (D:7)
  A sky beast (D:3)
  2 scorpions
  A jelly (D:7)
  2 hounds (D:4)
  Jessica (D:3)
  Natasha (D:4)
  Terence (D:2)
  An iguana (D:4)
  An orc wizard (D:3)
  A worker ant (D:4)
  A hound skeleton (D:4)
  5 adders
  3 gnolls (D:4)
  An adder skeleton (D:4)
  2 worms
  2 dart slugs
  2 leopard geckos
  9 orcs
  2 giant cockroaches
  8 goblins
  15 hobgoblins
  11 jackals
  9 kobolds
  3 ball pythons
  8 bats
  7 frilled lizards
  7 rats
108 creatures vanquished.

Notes
Turn   | Place    | Note
-------+----------+-------------------------------------------
     0 | Abyss:1  | Curus the Minotaur Abyssal Knight began the quest for the
                  | Orb.
     0 | Abyss:1  | Reached XP level 1. HP: 19/19 MP: 1/1
    31 | Abyss:1  | Noticed a sun demon
    32 | D:1      | Escaped the Abyss
   167 | D:1      | Reached * piety under Lugonu
   169 | D:1      | Reached skill level 3 in Long Blades
   169 | D:1      | Reached XP level 2. HP: 23/26 MP: 2/2
   424 | D:1      | Reached XP level 3. HP: 31/31 MP: 4/4
   834 | D:2      | Reached ** piety under Lugonu
   950 | D:2      | Reached skill level 4 in Long Blades
   954 | D:2      | You fall into a shaft and drop 2 floors!
   960 | D:4      | Reached XP level 4. HP: 35/39 MP: 5/5
  1150 | D:2      | Reached XP level 5. HP: 35/45 MP: 6/6
  1171 | D:2      | Gained mutation: You passively map a small area around you.
                  | [potion of mutation]
  1171 | D:2      | Gained mutation: You are covered in fur. (AC +1) [potion of
                  | mutation]
  1171 | D:2      | Gained mutation: You evolve. [potion of mutation]
  1171 | D:2      | Gained mutation: Your flesh is cold resistant. (rC+)
                  | [potion of mutation]
  1462 | D:2      | Found a glowing golden altar of the Shining One.
  1492 | D:2      | Reached skill level 5 in Long Blades
  1682 | D:2      | Noticed Terence
  1698 | D:2      | Killed Terence
  2049 | D:3      | Noticed Jessica
  2052 | D:3      | Killed Jessica
  2052 | D:3      | Reached XP level 6. HP: 51/51 MP: 8/8
  2352 | D:3      | Reached *** piety under Lugonu
  2513 | D:3      | Found a faded altar of an unknown god.
  2660 | D:3      | Noticed a sky beast
  2672 | D:3      | Killed a sky beast
  2672 | D:3      | Reached skill level 6 in Long Blades
  2672 | D:3      | Reached skill level 5 in Invocations
  3058 | D:4      | Found an iron altar of Okawaru.
  3127 | D:4      | Noticed Natasha
  3136 | D:4      | Killed Natasha
  3137 | D:4      | Reached XP level 7. HP: 31/57 MP: 10/10
  3294 | D:4      | You fall into a shaft and drop 3 floors!
  3300 | D:7      | Noticed Prince Ribbit
  3330 | D:7      | Reached skill level 7 in Long Blades
  3356 | D:7      | Killed Prince Ribbit
  3391 | D:7      | Mangled by an orc warrior

Levels and vault maps discovered:
D:1:      dpeg_arrival_yet_another_circle, layout_loops_ring, corner_web_ring
D:2:      layout_loops_corners, tso_metal_star, minmay_heptomino_h4,
          uniq_terence
D:3:      layout_basic, chequers_ecumenical_altar_simple, serial_curves,
          eino_curves_01, eino_curves_03, eino_curves_04, eino_curves_03,
          uniq_jessica
D:4:      layout_basic, marbit_many_paths, first_ration, uniq_natasha
D:6:      cheibrodos_two_vegetables, layout_cave_pools, vehumet_statue,
          old_standard_altar, kennysheep_potato, uniq_menkaure
D:7:      layout_rooms, uniq_prince_ribbit1

Skill      XL: |  1  2  3  4  5  6  7 |
---------------+----------------------+-----
Invocations    | 2 3 4 5 6 |  6.3
Long Blades    | 3 4 5 6 7 |  7.7
Fighting       | |  3.6
Armour         | |  2.4
Dodging        | |  1.1

Action                   |  1- 3 |  4- 6 |  7- 9 || total
-------------------------+-------+-------+-------++-------
Melee: Falchion          |   111 |    25 |       ||   136
       Headbutt          |    15 |    12 |     1 ||    28
       Scimitar          |       |   106 |    20 ||   126
Invok: Depart the Abyss  |     1 |       |       ||     1
       Banish            |       |       |     1 ||     1
Evoke: Wand              |       |       |     2 ||     2
  Use: Scroll            |     5 |     6 |     1 ||    12
       Potion            |     1 |     6 |     1 ||     8
  Eat: Chunk             |       |     7 |     1 ||     8
Armor: Leather armour    |     3 |       |       ||     3
       Chain mail        |    63 |    74 |    12 ||   149
Dodge: Dodged            |    53 |    34 |     3 ||    90
       Rpst.: Falchion   |    13 |     4 |       ||    17
       Scimitar          |       |     7 |     1 ||     8
